cohdb
Replays
Latest Replays
All Replays
Popular Replays
Top Player Replays
Match Explorer
How It Works
Community
CoH3 Stats
Reddit
Sign in to upload your games and track your stats! →
Sign in with Steam
Match 38910786
Unlisted
Match 38910786
Overview
Messages
Build Orders
End
Panzergrenadier Squad
Panzergrenadier Squad
250 Light Carrier
Construct Light Support Kompanie
Construct Mechanized Kompanie
2.5-tonne Medical Truck
Selects Armored Support Battlegroup
Selects Superior Fire Drills
8 Rad Armored Car
Assault Mechanized Group
Selects Superior Fire Drills
Selects Flammpanzer III Medium Tank
Panzerpioneer Squad
Flammpanzer III Medium Tank
Construct Panzerarmee Kommand
Selects Salvage Kits
Selects Vehicle Awareness
Selects Panzer Storm
2.5-tonne Medical Truck
Armored Reserves
Tiger Heavy Tank
Selects Stuka Anti-tank Loiter
Panzer Storm
Flammpanzer III Medium Tank
Panzer IV Assault Group
Selects Battlefield Salvage
Tiger Heavy Tank
Flammpanzer III Medium Tank
Battlefield Salvage
Panzergrenadier Squad
Tiger Heavy Tank
Tiger Heavy Tank
JINGER
Sterling Sasuage
BigTiddyLebron
kreumat
0
0
Comments
sign in to comment!
No comments posted yet!